 Dungeon Crawl Stone Soup version 0.30-a0-883-g5ad918d77d (webtiles) character file.

Game seed: 3595485412482589199

8845 Sanktem7 the Cleaver (level 11, -1/99 HPs)
             Began as a Minotaur Fighter on Mar 16, 2023.
             Was a Priest of Okawaru.
             Engulfed by a fire crab's flame (13 damage)
             ... on level 11 of the Dungeon.
             The game lasted 00:15:09 (9455 turns).

Sanktem7 the Cleaver (Minotaur Fighter)             Turns: 9455, Time: 00:15:10

Health: -1/99      AC: 18    Str: 26    XL:     11   Next: 15%
Magic:  12/12      EV: 12    Int:  9    God:    Okawaru [***...]
Gold:   470        SH:  6    Dex: 12    Spells: 10/10 levels left

rFire   . . .      SeeInvis .    a - +0 war axe (elec) {axe}
rCold   . . .      Faith    .    c - +0 buckler
rNeg    . . .      Spirit   .    y - +1 plate armour of Prudence {Int+4 Dex+3}
rPois   .          Reflect  .    (helmet restricted)
rElec   .          Rampage  .    (no cloak)
rCorr   .                        j - +2 pair of gloves
Will    .....                    (no boots) Stlth
                                 (no amulet)
HPRegen 0.36/turn                m - +5 ring of evasion
MPRegen 0.13/turn                B - +4 ring of slaying

@: no status effects
A: horns 2, retaliatory headbutt
a: Renounce Religion, Heroism


You were on level 11 of the Dungeon.
You worshipped Okawaru.
Okawaru was most pleased with you.
You visited 2 branches of the dungeon, and saw 11 of its levels.
You also visited: Sewer.

You collected 470 gold pieces.


Innate Abilities, Weirdness & Mutations

You have a pair of horns on your head.
You reflexively headbutt those who attack you in melee.


   Skills:
 + Level 9.8 Fighting
 * Level 13.0 Axes
 + Level 9.9 Armour
 + Level 9.9 Shields
 + Level 3.6 Invocations


You had 10 spell levels left.
You didn't know any spells.
Your spell library contained the following spells:

 Spells                   Type           Power      Damage    Failure   Level
 Foxfire                  Conj/Fire      0%         2x1d4     99%         1
 Slow                     Hex            0%         N/A       99%         1
 Flame Wave               Conj/Fire      0%         2d4       100%        4
 Olgreb's Toxic Radiance  Pois           0%         N/A       100%        4
 Passage of Golubria      Tloc           0%         N/A       100%        4
 Alistair's Intoxication  Tmut/Pois      0%         N/A       100%        5
 Borgnjor's Vile Clutch   Necr/Erth      0%         N/A       100%        5
 Yara's Violent Unravell  Hex/Tmut       0%         3d3       100%        5
 Eringya's Noxious Bog    Tmut/Pois      0%         N/A       100%        6
 Starburst                Conj/Fire      0%         6d3       100%        6
 Ozocubu's Refrigeration  Ice            0%         4d7       100%        7
 Discord                  Hex            0%         N/A       100%        8
 Ignition                 Fire           0%         3d3       100%        8
 Summon Small Mammal      Summ           Unusable   N/A       N/A         1
 Call Canine Familiar     Summ           Unusable   N/A       N/A         3
 Summon Guardian Golem    Hex/Summ       Unusable   N/A       N/A         3
 Tukima's Dance           Hex            Unusable   N/A       N/A         3

Inventory:

Hand Weapons
 a - a +0 war axe of electrocution (weapon) {axe}
 s - a +2 flail {mace}
   (You took it off a wight on level 4 of the Dungeon)
 G - the +9 quarterstaff of Hacking and Slashing {drain, rPois Int-3 Dex+6, staff}
   (You found it on level 9 of the Dungeon)

   Int:       It affects your intelligence (-3).
   Dex:       It affects your dexterity (+6).
   rPois:     It protects you from poison.
Missiles
 b - 6 javelins {throwing}
 f - 145 stones (quivered) {throwing}
 n - 6 boomerangs {throwing}
 x - 4 poisoned darts {throwing}
 z - a throwing net {=f!fthrowing}
Armour
 c - a +0 buckler (worn)
 j - a +2 pair of gloves (worn)
   (You found it on level 2 of the Dungeon)
 p - a +0 cloak
   (You took it off Maurice on level 9 of the Dungeon)
 y - the +1 plate armour of Prudence (worn) {Int+4 Dex+3}
   (You found it on level 4 of the Dungeon)

   Int:       It affects your intelligence (+4).
   Dex:       It affects your dexterity (+3).
Jewellery
 m - a +5 ring of evasion (left hand)
   (You found it on level 4 of the Dungeon)
 B - a +4 ring of slaying (right hand)
   (You found it on level 8 of the Dungeon)
Scrolls
 k - a scroll of immolation {!r!r}
 l - 8 scrolls of teleportation {@r4}
 t - 7 scrolls of identify {@r1}
 u - a scroll of brand weapon
 v - a scroll of enchant armour
 w - 4 scrolls of poison {!r}
 A - a scroll of vulnerability {unknown}
 I - a scroll of silence {unknown}
Potions
 d - 2 potions of might
 e - 2 potions of mutation {unknown}
 g - 5 potions of curing {@q1}
 h - 2 potions of heal wounds {@q2}
 i - a potion of flight {unknown}
 o - 3 potions of attraction {!q}
 q - 2 potions of resistance {unknown}
 r - a potion of cancellation {unknown}
 C - a potion of haste {@q3}
 D - a potion of brilliance {unknown}
 E - a potion of lignification {unknown}
 F - a potion of magic {unknown}
 H - 2 potions of invisibility {unknown}

Dungeon Overview and Level Annotations

Branches:
Dungeon (11/15) Zot: 26957  Temple (1/1) D:7 Zot: 5886   Sewer (visited)
   Lair: D:8-11         Orc: D:9-12

Altars:
Ashenzari
Cheibriados
Dithmenos
Elyvilon
Fedhas
Gozag
Hepliaklqana
Kikubaaqudgha
Makhleb
Nemelex Xobeh
Okawaru
Qazlal
Ru
Sif Muna
Trog
Uskayaw
Vehumet
Wu Jian
Xom
Yredelemnul
Zin
The Shining One

Shops:
D:5 [*((=

Annotations:
D:5 1 runed translucent door, relicbr's ghost, weakling SpDe

#.## ... ##..###
#####.#### #.....#
.........# #.....#
.....!.t.# #.....#
........°### #.....#
........)°†###.....+
.........#°°##.....#
.........##°°@.....#
.........#####°°...#
.........# ###°###
##.####### #...# #.
#.### ###'#######
#.........#
#.........#
#.........#


You could see a fire crab.


Message History

Okawaru accepts your kill.
You hit the gargoyle.
A killer bee comes into view.
The gargoyle hits you but does no damage.
The gargoyle hurls a stone arrow at you.
The stone arrow hits you!
A killer bee comes into view.
You see here a killer bee corpse. 😕 HP[-16]
You take 16 damage, and now have 80/99 hp.
The killer bee buzzes angrily.
The gargoyle hurls a stone arrow at you.
The stone arrow hits you. You block the killer bee's attack.
A killer bee comes into view. 😕 HP[-2]
You take 2 damage, and now have 78/99 hp.
The killer bee buzzes angrily.
You hit the gargoyle but do no damage. You closely miss the killer bee.
You block the killer bee's attack.
The gargoyle hurls a stone arrow at you.
The stone arrow hits you!!
The killer bee stings you but does no damage. 😮 HP[-21]
You take 21 damage, and now have 57/99 hp.
MASSIVE DAMAGE!! (PAUSE)
You slice the gargoyle!!
You destroy the gargoyle!
Okawaru accepts your kill.
You hit the killer bee. You block the killer bee's attack.
The killer bee closely misses you.
You see here a +0 mace {mace}. 😮 HP[+1]
The killer bee stings you.
You are poisoned.
The killer bee poisons you!
You block the killer bee's attack. 😮 HP[-1]
You take 1 damage, and now have 57/99 hp.
You miss the killer bee. Your headbutt misses the killer bee.
You hit the killer bee.
You feel sick. The killer bee stings you!
* * * LOW HITPOINT WARNING * * *
😨 HP[-9]
You take 9 damage, and now have 48/99 hp.
You barely miss the killer bee. You slash the killer bee!
Lightning courses through the killer bee!
You kill the killer bee!
Okawaru accepts your kill.
You feel sick. You block the killer bee's attack. The killer bee misses you.
You furiously retaliate!
You headbutt the killer bee!
The killer bee stings you but does no damage.
The killer bee attacks as you move away!
The killer bee stings you but does no damage.
You feel sick.
You block the killer bee's attack. 😨 HP[-2]
You take 2 damage, and now have 46/99 hp.
You closely miss the killer bee. You miss the killer bee.
Your headbutt misses the killer bee. You closely miss the killer bee.
You feel sick. The killer bee closely misses you. You furiously retaliate!
You headbutt the killer bee.
You kill the killer bee!
Okawaru accepts your kill. The killer bee stings you.
* * * LOW HITPOINT WARNING * * *
The killer bee barely misses you.
Your Axes skill increases to level 13! 😨 HP[-3]
You take 3 damage, and now have 43/99 hp.
You completely miss the killer bee.
You feel sick.
The killer bee stings you but does no damage.
A fire crab comes into view. 😨 HP[-1]
You take 1 damage, and now have 42/99 hp.
You slice the killer bee!!
You kill the killer bee!
Okawaru accepts your kill.
You feel sick. 😨 HP[-1]
You take 1 damage, and now have 41/99 hp.
You feel sick.
You are no longer poisoned.
The killer bee barely misses you.
The killer bee stings you but does no damage.
You see here a killer bee corpse.
You slice the killer bee!!
You kill the killer bee!
Okawaru accepts your kill. The fire crab breathes flames at you.
The blast of flame misses you.
Unknown command.
You are engulfed in blazing flames.
* * * LOW HITPOINT WARNING * * *
😱 HP[-19]
You take 19 damage, and now have 22/99 hp.
You are engulfed in blazing flames.
* * * LOW HITPOINT WARNING * * *
You see here a scroll of poison {!r}. 😱 HP[-10]
You take 10 damage, and now have 12/99 hp.
You are engulfed in blazing flames.
You die...

Skill      XL: |  1  2  3  4  5  6  7  8  9 10 11 |
---------------+----------------------------------+-----
Axes           | 3 4 5 6 7 9 11 12 13 | 13.0
Armour         | 4 5 6 7 8 9 |  9.9
Fighting       | 4 5 6 7 8 9 |  9.8
Shields        | 4 5 6 7 8 9 |  9.9
Invocations    | 3 |  3.6

Action                     |  1- 3 |  4- 6 |  7- 9 | 10-12 || total
---------------------------+-------+-------+-------+-------++-------
  Melee: War axe           |   118 |    76 |   302 |   149 ||   645
         Headbutt          |     7 |    15 |    50 |    25 ||    97
    Use: Scroll            |       |       |    11 |       ||    11
 Armour: Scale mail        |    49 |    36 |    15 |       ||   100
         Plate armour      |       |       |   102 |    80 ||   182
  Dodge: Dodged            |    55 |    40 |   175 |    76 ||   346
  Block: Buckler           |    16 |    10 |    83 |    48 ||   157

Levels and vault maps discovered:
D:1:      onia_arrival_mini_maze, layout_basic
D:2:      minmay_thinvault, layout_basic, nrook_campfire,
          chequers_serial_rivers_room_b
D:3:      layout_basic, bloody_makhleb, uniq_natasha
D:4:      layout_gridville, fedhas_altar_4, uniq_edmund, uniq_menkaure,
          uniq_eustachio
D:5:      layout_cave_pools, ebering_ghost_inner_flame, serial_shops,
          nicolae_shop_hallway_plus, nicolae_stop_n_shop_2, nicolae_shop_trees,
          nicolae_shop_trees, nicolae_shop_crystal, uniq_pikel
D:6:      layout_loops_ring, gup_sewer_entry_bubbles,
          kennysheep_generic_room_12, uniq_blork_the_orc
D:7:      layout_basic, trog_hazing_becter, nicolae_uskayaw_dance_hall,
          minmay_temple_entry_hall, kennysheep_nub, eino_tiny_chamber
D:8:      layout_loops_ring, gammafunk_temple_overflow_elements,
          bh_walls_and_bars, uniq_joseph
D:9:      layout_gridville, chequers_serial_rivers_micro_a, uniq_maggie,
          uniq_harold, uniq_maurice
D:11:     layout_roguey, minmay_lair_entry_lava, enter_trove_3
Temple:   lightli_temple_of_artemis

Notes
Turn   | Place    | Note
-------+----------+-------------------------------------------
     0 | D:1      | Sanktem7 the Minotaur Fighter began the quest for the Orb.
     0 | D:1      | Reached XP level 1. HP: 19/19 MP: 0/0
     0 | D:1      | magus.rc [v1.9.6]
   168 | D:1      | Reached XP level 2. HP: 27/27 MP: 1/1
   283 | D:1      | Reached skill level 3 in Axes
  1034 | D:2      | You pick up a book of Callings and begin reading...
  1034 | D:2      | You add the spells Summon Small Mammal, Call Canine
                  | Familiar and Summon Guardian Golem to your library.
  1057 | D:2      | Reached skill level 4 in Armour
  1061 | D:2      | Reached XP level 3. HP: 33/33 MP: 2/2
  1118 | D:2      | Reached skill level 4 in Fighting
  1130 | D:2      | Reached skill level 4 in Shields
  1231 | D:2      | You add the spells Olgreb's Toxic Radiance, Ozocubu's
                  | Refrigeration and Ignition to your library.
  2060 | D:3      | Reached XP level 4. HP: 35/40 MP: 3/3
  2256 | D:3      | Noticed Natasha
  2261 | D:3      | Killed Natasha
  2262 | D:3      | Reached skill level 4 in Axes
  2360 | D:3      | Reached XP level 5. HP: 41/47 MP: 4/4
  2542 | D:3      | Identified the +1 dagger "Ceghodag" {flame, rCorr}
  2757 | D:3      | Noticed Natasha
  2761 | D:3      | Killed Natasha
  2863 | D:3      | Found a burning altar of Makhleb.
  3248 | D:4      | Reached skill level 5 in Fighting
  3248 | D:4      | Reached skill level 5 in Axes
  3248 | D:4      | Reached skill level 5 in Armour
  3248 | D:4      | Reached skill level 5 in Shields
  3248 | D:4      | Reached XP level 6. HP: 24/56 MP: 5/5
  3432 | D:4      | Noticed Eustachio
  3447 | D:4      | Killed Eustachio
  3448 | D:4      | Reached skill level 6 in Axes
  3448 | D:4      | Reached XP level 7. HP: 51/61 MP: 6/6
  3490 | D:4      | Noticed Menkaure
  3496 | D:4      | Killed Menkaure
  3547 | D:4      | magus.rc [v1.9.6]
  3675 | D:4      | Noticed Edmund
  3701 | D:4      | Killed Edmund
  4023 | D:4      | Reached skill level 6 in Fighting
  4023 | D:4      | Reached skill level 7 in Axes
  4023 | D:4      | Reached skill level 6 in Armour
  4023 | D:4      | Reached skill level 6 in Shields
  4132 | D:4      | Identified the +1 plate armour of Prudence {Int+4 Dex+3}
  4188 | D:4      | Found a blossoming altar of Fedhas.
  4241 | D:5      | Entered Level 5 of the Dungeon
  4259 | D:5      | Found Kuycus's Antique Weapon Shop.
  4265 | D:5      | Reached XP level 8. HP: 64/70 MP: 7/7
  4348 | D:5      | Found a runed translucent door.
  4395 | D:5      | Found Cant's Assorted Antiques.
  4466 | D:5      | Found Peiw's Armour Boutique.
  4497 | D:5      | Reached skill level 8 in Axes
  4520 | D:5      | You add the spells Tukima's Dance, Passage of Golubria and
                  | Yara's Violent Unravelling to your library.
  4555 | D:5      | Noticed Pikel
  4578 | D:5      | Killed Pikel
  4579 | D:5      | Reached skill level 7 in Fighting
  4579 | D:5      | Reached skill level 7 in Armour
  4579 | D:5      | Reached skill level 7 in Shields
  4755 | D:5      | Found Guliqix's Antique Weapon Shoppe.
  4807 | D:5      | Found Garaefed's Jewellery Shoppe.
  4841 | D:5      | Noticed relicbr's ghost (weakling SpDe)
  5117 | D:6      | Reached skill level 9 in Axes
  5178 | D:6      | Reached XP level 9. HP: 76/79 MP: 8/8
  5361 | D:6      | Noticed Blork the orc
  5366 | D:6      | Killed Blork the orc
  5422 | D:6      | Found a glowing drain.
  5431 | Sewer    | Entered a sewer
  5533 | Sewer    | Found a viscous altar of Jiyva.
  6060 | D:6      | Reached skill level 10 in Axes
  6078 | D:6      | Reached skill level 8 in Shields
  6083 | D:6      | Reached skill level 8 in Fighting
  6178 | D:6      | You add the spells Alistair's Intoxication, Borgnjor's Vile
                  | Clutch and Eringya's Noxious Bog to your library.
  6237 | D:6      | Reached skill level 8 in Armour
  6555 | D:7      | Found a bloodstained altar of Trog.
  6783 | D:7      | Found a staircase to the Ecumenical Temple.
  6789 | Temple   | Entered the Ecumenical Temple
  6882 | Temple   | Became a worshipper of Warmaster Okawaru
  6916 | D:7      | You pick up a book of Callings and begin reading...
  6973 | D:7      | Found a hide-covered altar of Uskayaw.
  6982 | D:7      | Reached skill level 11 in Axes
  7190 | D:7      | Noticed a cyclops
  7203 | D:7      | Killed a cyclops
  7204 | D:7      | Reached XP level 10. HP: 76/90 MP: 9/9
  7759 | D:8      | Reached * piety under Okawaru
  7766 | D:8      | Reached skill level 1 in Invocations
  7770 | D:8      | Reached skill level 9 in Shields
  7773 | D:8      | Reached skill level 9 in Armour
  7977 | D:8      | Reached skill level 9 in Fighting
  8052 | D:8      | Noticed a two-headed ogre
  8057 | D:8      | Killed a two-headed ogre
  8058 | D:8      | Reached skill level 12 in Axes
  8058 | D:8      | Reached skill level 2 in Invocations
  8260 | D:8      | Reached ** piety under Okawaru
  8321 | D:8      | Noticed Joseph
  8330 | D:8      | Killed Joseph
  8507 | D:8      | Found a white marble altar of Elyvilon.
  8507 | D:8      | Found a broken altar of Ashenzari.
  8685 | D:8      | You add the spells Foxfire, Slow, Flame Wave, Starburst and
                  | Discord to your library.
  8685 | D:8      | Got the Cyclopedia of Triumph
  8876 | D:9      | Reached skill level 3 in Invocations
  9037 | D:9      | Identified the +9 quarterstaff of Hacking and Slashing
                  | {drain, rPois Int-3 Dex+6}
  9057 | D:9      | Noticed Maurice
  9069 | D:9      | Killed Maurice
  9070 | D:9      | Reached XP level 11. HP: 97/97 MP: 12/12
  9112 | D:9      | HP: 19/97 [something (11)]
  9116 | D:9      | Reached *** piety under Okawaru
  9410 | D:9      | You fall into a shaft and drop 2 floors!
  9449 | D:11     | Reached skill level 13 in Axes
  9449 | D:11     | Noticed a fire crab
  9453 | D:11     | HP: 22/99 [fire crab] (19)]
  9455 | D:11     | Engulfed by a fire crab's flame

Vanquished Creatures
  A two-headed ogre (D:8)
  Pikel (D:5)
  A cyclops (D:7)
  Joseph (D:8)
  Maurice (D:9)
  A gargoyle (D:11)
  A troll (D:11)
  A hornet (D:9)
  A wyvern (D:7)
  A vampire (D:9)
  7 yaks
  3 steam dragons
  Eustachio (D:4)
  Menkaure (D:4)
  Edmund (D:4)
  A water moccasin (D:5)
  2 orc warriors
  An ice beast (D:8)
  A sky beast (D:8)
  4 centaurs
  2 ogres
  Blork the orc (D:6)
  2 lemures (D:5)
  A phantom (D:6)
  2 bullfrogs
  A scorpion (D:6)
  3 gnoll sergeants
  11 wights
  14 killer bees
  5 howler monkeys (D:7)
  4 orc priests
  6 hounds
  6 jellies
  4 iguanas
  7 orc wizards
  A sleepcap (D:6)
  Natasha (twice) (D:3)
  12 gnolls
  6 adders
  A river rat (D:6)
  2 white imps
  5 worms
  2 dart slugs
  33 orcs
  9 bats
  13 endoplasms
  6 giant cockroaches
  12 goblins
  15 hobgoblins
  5 kobolds
  3 quokkas
  8 ball pythons
  9 frilled lizards
  9 rats
254 creatures vanquished.

Vanquished Creatures (others)
  An orc (D:7)
1 creature vanquished.

Grand Total: 255 creatures vanquished

Table legend:
 A = Non-vault XP
 B = Vault XP
 C = Vault XP percentage of total XP
 D = Non-vault monster count
 E = Vault monster count
 F = Vault count percentage of total count
                 A         B        C        D         E       F
            +---------+---------+-------+---------+---------+-------
      Total |   10208 |    2429 |  19.2 |     199 |      54 |  21.3
            +---------+---------+-------+---------+---------+-------
        D:1 |      21 |       0 |   0.0 |      12 |       0 |   0.0
        D:2 |      28 |      27 |  49.1 |      15 |      16 |  51.6
        D:3 |     151 |      35 |  18.8 |      28 |       1 |   3.4
        D:4 |     548 |     523 |  48.8 |      24 |       3 |  11.1
        D:5 |     575 |     663 |  53.6 |      14 |       1 |   6.7
        D:6 |    1450 |     133 |   8.4 |      28 |       8 |  22.2
        D:7 |    1962 |      12 |   0.6 |      33 |       6 |  15.4
        D:8 |    2506 |     466 |  15.7 |      21 |       1 |   4.5
        D:9 |    1923 |     462 |  19.4 |      17 |       1 |   5.6
       D:11 |    1044 |       0 |   0.0 |       7 |       0 |   0.0
      Sewer |       0 |     108 | 100.0 |       0 |      17 | 100.0
            +---------+---------+-------+---------+---------+-------

Illustrated notes

Table legend:
 A = Kills in this place as a percentage of kills in the entire game.
 B = Kills by you in this place as a percentage of kills by you in the entire game.
 C = Kills by friends in this place as a percentage of kills by friends in the entire game.
 D = Other kills in this place as a percentage of other kills in the entire game.
 E = Experience gained in this place as a percentage of experience gained in the entire game.
 F = Experience gained in this place divided by the number of levels of this place that you have seen.
                   A       B       C       D       E      F
               +-------+-------+-------+-------+-------+----------------------
         Total | 100.0 | 100.0 |   N/A | 100.0 | 100.0 | 1053.1
       Dungeon |  93.3 |  93.3 |   N/A | 100.0 |  99.1 | 1252.9
         Sewer |   6.7 |   6.7 |   N/A |   0.0 |   0.9 | 108.0
               +-------+-------+-------+-------+-------+----------------------

Table legend: (Time is in decaauts)
 A = Elapsed time spent in this place.
 B = Non-inter-level travel time spent in this place.
 C = Inter-level travel time spent in this place.
 D = Time resting spent in this place.
 E = Time spent auto-exploring this place.
 F = Levels seen in this place.
 G = Mean time per level.
                   A        B        C        D        E       F      G
               +--------+--------+--------+--------+--------+-----+--------+
         Total |   9589 |   9307 |    282 |    346 |   7192 |  12 |  799.1 |
       Dungeon |   9235 |   8953 |    282 |    346 |   6971 |  10 |  923.5 |
        Temple |    113 |    113 |      0 |      0 |     81 |   1 |  113.0 |
         Sewer |    240 |    240 |      0 |      0 |    140 |   1 |  240.0 |
               +--------+--------+--------+--------+--------+-----+--------+

Top non-repeatable levels by time:
     D:3: 1214 daAuts
     D:7: 1210 daAuts
     D:2: 1177 daAuts
     D:4: 1105 daAuts
     D:8: 1084 daAuts
     D:6: 1037 daAuts
     D:5: 875 daAuts
     D:1: 822 daAuts
     D:9: 664 daAuts
   Sewer: 240 daAuts
  Temple: 113 daAuts
    D:11: 42 daAuts
